 Dungeon Crawl Stone Soup version 0.30-a0-779-g7971cf19c3 (webtiles) character file.

Game seed: 18000227991617556779

18461 themarg the Artisan of Death (level 12, -5/95 (97) HPs)
             Began as a Demonspawn Ice Elementalist on Feb 17, 2023.
             Was a Priest of Kikubaaqudgha.
             Slain by Fannar
             ... wielding a staff of cold
              (9 damage)
             ... on level 3 of the Lair of Beasts.
             The game lasted 01:05:42 (13237 turns).

themarg the Artisan of Death (DsIE)                Turns: 13237, Time: 01:05:43

HP:   -5/95 (97)    AC:  9    Str: 14    XL:     12   Next: 27%
MP:   0/42          EV: 13    Int: 21    God:    Kikubaaqudgha [***...]
Gold: 811           SH:  5    Dex: 13    Spells: 4/27 levels left

rFire   . . .      SeeInvis .    V - +2 short sword (drain)
rCold   . . .      Faith    .    (no shield)
rNeg    . . .      Spirit   +    D - +0 robe
rPois   +          Reflect  +    C - +1 helmet
rElec   .          Harm     .    Q - +1 cloak {rPois}
rCorr   .          Rampage  .    j - +0 pair of gloves
Will    .....                    a - +0 pair of boots
Stlth   ++                       r - amulet "Dobaen" {Reflect rPois Str+4 SH+5}
HPRegen 0.35/turn                v - ring of magical power
MPRegen 0.56/turn                E - ring of magical power

@: freezing walls, very slightly contaminated, studying Armour, lightly drained
A: augmentation 2, magic shield, magic regeneration, magic link, sharp scales 1,
demonic magic 2
a: Renounce Religion, Unearth Wretches


You were on level 3 of the Lair of Beasts.
You worshipped Kikubaaqudgha.
Kikubaaqudgha was most pleased with you.
You visited 2 branches of the dungeon, and saw 13 of its levels.
You also visited: Bailey.

You collected 811 gold pieces.

Inventory:

Hand Weapons
 V - a +2 short sword of draining (weapon)
Missiles
 y - 16 boomerangs (quivered)
 B - 8 atropa-tipped darts
 I - 5 throwing nets
 N - 2 javelins
 S - 20 poisoned darts
 Z - a curare-tipped dart
Armour
 a - a +0 pair of boots (worn)
 j - a +0 pair of gloves (worn)
 C - a +1 helmet (worn)
 D - a +0 robe (worn)
 Q - a +1 cloak of poison resistance (worn)
 Y - a +0 troll leather armour
Magical Staves
 s - a staff of earth
Jewellery
 b - a +6 ring of dexterity
 l - a ring of poison resistance
 m - a ring of flight
 r - the amulet "Dobaen" (around neck) {Reflect rPois Str+4 SH+5}
   (You found it on level 2 of the Dungeon)

   [amulet of reflection]

   It reflects blocked missile attacks.
   Str:       It affects your strength (+4).
   rPois:     It protects you from poison.
   SH:        It affects your SH (+5).
 v - a ring of magical power (left hand)
 E - a ring of magical power (right hand)
 G - a ring of protection from cold
 P - a ring of protection from fire
Wands
 U - a wand of roots (22)
 X - a wand of flame (15)
Scrolls
 c - a scroll of noise {unknown}
 f - 5 scrolls of teleportation
 g - 2 scrolls of enchant armour {unknown}
 i - 2 scrolls of enchant weapon
 o - a scroll of summoning
 p - 2 scrolls of blinking {unknown}
 t - a scroll of magic mapping {unknown}
 u - 2 scrolls of immolation
 w - 2 scrolls of poison
 x - 2 scrolls of vulnerability {unknown}
 F - a scroll of silence {unknown}
 R - a scroll of amnesia {unknown}
 W - 3 scrolls of fog
Potions
 d - a potion of haste {unknown}
 e - 6 potions of curing
 h - 2 potions of lignification
 k - 2 potions of heal wounds
 n - 3 potions of brilliance
 q - 2 potions of ambrosia
 z - a potion of might
 A - 2 potions of invisibility
 H - 2 potions of berserk rage {unknown}
 J - a potion of cancellation {unknown}
 K - 3 potions of resistance
 L - 3 potions of flight
 M - 2 potions of magic
 O - 3 potions of mutation
 T - 4 potions of attraction


   Skills:
 - Level 10.0 Fighting
 - Level 5.0 Short Blades
 - Level 2.0 Throwing
 - Level 5.0 Dodging
 - Level 2.0 Stealth
 + Level 8.2 Spellcasting
 - Level 3.0 Summonings
 - Level 12.0 Necromancy
 - Level 7.0 Ice Magic
 - Level 3.0 Evocations


You had 4 spell levels left.
You knew the following spells:

 Your Spells              Type           Power      Damage    Failure   Level
a - Freeze                Ice            100%       1d10      1%          1
b - Frozen Ramparts       Ice            76%        1d12      1%          3
c - Ozocubu's Armour      Ice            38%        N/A       1%          3
d - Sublimation of Blood  Necr           56%        N/A       1%          2
e - Summon Ice Beast      Ice/Summ       29%        N/A       10%         4
f - Dispel Undead         Necr           56%        3d20      1%          4
g - Death Channel         Necr           28%        N/A       9%          6

Your spell library contained the following spells:

 Spells                   Type           Power      Damage    Failure   Level
 Kiss of Death            Conj/Necr      100%       2d13      1%          1
 Necrotise                Necr           100%       1d9       1%          1
 Vampiric Draining        Necr           56%        2d10      1%          3
 Cigotuvi's Dreadful Rot  Necr/Pois/Air  50%        N/A       2%          2
 Anguish                  Hex/Necr       16%        N/A       7%          4
 Wereblood                Tmut           8%         N/A       12%         2
 Confusing Touch          Hex            8%         N/A       24%         3
 Agony                    Necr           56%        N/A       1%          5
 Borgnjor's Vile Clutch   Necr/Erth      16%        N/A       19%         5
 Summon Hydra             Summ           10%        N/A       100%        7


Dungeon Overview and Level Annotations

Branches:
Dungeon (10/15)            Temple (0/1) D:7            Lair (3/5) D:8
  Swamp (0/4) Lair:2        Snake (0/4) Lair:2          Orc (0/2) D:9
 Bailey (visited)

Altars:
Ashenzari
Dithmenos
Fedhas
Kikubaaqudgha
Ru
Trog
Uskayaw
Jiyva

Shops:
D:7 :

Annotations:
D:7 1 runed translucent door
D:8 3 runed translucent doors, exclusion: 3 doors, gabagool's ghost, novice GrFi
D:10 Erolcha
Lair:2 3 runed translucent doors, AzureAlchemist's ghost, journeyman DgEE
Lair:3 Fannar


Innate Abilities, Weirdness & Mutations

Your magical and physical power is enhanced at high health.
When hurt, damage is shared between your health and your magic reserves.
You regenerate magic rapidly.
When low on magic, you restore magic in place of health.
You are partially covered in razor-sharp scales. (AC +1, Slay +1)
Spells you cast may paralyse nearby enemies.


Message History

Fannar casts a spell.
Fannar attacks as you move away! Fannar hits you with a staff of cold.
Fannar freezes you. The ice beast attacks as you move away!
The ice beast completely misses you.
Your ice beast barely misses Fannar.
Fannar brushes some snowflakes from their robe.
A water moccasin comes into view.
The water moccasin hisses angrily.
Kikubaaqudgha calls piteous wretches from the earth!
Fannar hits you but does no damage. Fannar freezes you!
Your ice beast hits Fannar but does no damage.
The ice beast closely misses you.
Kikubaaqudgha calls piteous wretches from the earth!
A blink frog comes into view.
Fannar hits you but does no damage. Fannar freezes you!
* * * LOW HITPOINT WARNING * * *
Your ice beast barely misses Fannar.
You block the ice beast's attack. Fannar attacks as you move away!
Fannar closely misses you. The ice beast attacks as you move away!
The ice beast hits you but does no damage.
Your ice beast disappears in a puff of smoke!
Casting: Frozen Ramparts (safe; 1% risk of failure)
Press: ? - help, Dir - look around, f - activate The walls around you are covered in ice.
Malevolent energies surge around you.
A nearby water moccasin perishes wretchedly.
A nearby blink frog perishes wretchedly.
The wall freezes Fannar but does no damage.
Fannar hits you but does no damage. Fannar freezes you!
* * * LOW HITPOINT WARNING * * *
The ice beast completely resists.
The wall freezes the ice beast but does no damage.
Okay, then.
As you read the scroll of summoning, it crumbles to dust.
Wisps of shadow whirl around you...
Fannar completely resists.
The wall freezes Fannar but does no damage.
Fannar hits you with a staff of cold!
* * * LOW HITPOINT WARNING * * *
Fannar freezes you!
You die...
Kikubaaqudgha rasps: "You have failed me!
Welcome... death!"

..# ... ### .... ..##.##
....# ##....########
.....## ##....#..#.##.###
.......##........F......#
.....^....§..F.†........#
....?..........kF<.....##
...........§.e†F.....##.#
#.....)......#@F....#####
###..........##...#.#
..#..........##.####
.##........#...###
...............#
...............P.
...............#
P..............P
#...#.....#....


You could see Fannar (ally target), 5 friendly blink frogs and a friendly rime
drake (summoned).

Vanquished Creatures
  Harold (D:9)
  A boulder beetle (Lair:2)
  A black mamba (Lair:1)
  Psyche (D:8)
  3 cane toads
  A komodo dragon (Lair:2)
  3 trolls
  2 dream sheep (Lair:2)
  14 yaks
  A vampire (D:10)
  A basilisk (Lair:2)
  3 steam dragons
  3 wyverns
  Menkaure (D:7)
  An acid dragon (D:9)
  Duvessa (D:4)
  14 water moccasins
  A swamp drake (D:8)
  4 orc warriors (Bailey)
  2 ice beasts
  3 black bears
  9 centaurs
  An ogre (D:5)
  4 wolves
  A phantom (D:3)
  3 kobold brigands
  5 bullfrogs
  A gnoll sergeant (D:10)
  2 necrophages
  A scorpion (D:6)
  Dowan (D:4)
  11 killer bees
  2 howler monkeys
  3 electric eels (D:8)
  9 hounds
  A jelly (D:6)
  Crazy Yiuf (D:4)
  6 orc priests
  Ijyb (D:4)
  4 iguanas
  8 orc wizards
  6 hell rats (Lair:1)
  Robin (D:4)
  3 adders
  4 river rats (Lair:1)
  A shadow imp (D:6)
  A white imp (D:8)
  An ufetubus (D:5)
  A worm (D:2)
  3 dart slugs
  50 orcs
  8 ball pythons
  8 endoplasms
  3 giant cockroaches
  9 hobgoblins
  12 jackals
  13 kobolds
  4 quokkas
  7 bats
  8 frilled lizards
  20 goblins
  15 rats
314 creatures vanquished.

Vanquished Creatures (collateral kills)
  2 hydras (Lair:2)
  A catoblepas (Lair:2)
  A two-headed ogre (D:10)
  7 elephants (Lair:2)
  A black mamba (Lair:2)
  A torpor snail (Lair:2)
  2 dream sheep (Lair:2)
  An acid dragon (D:9)
  2 water moccasins (Lair:2)
  2 orcs
20 creatures vanquished.

Vanquished Creatures (others)
  A black mamba (Lair:2)
  An unseen horror (D:10)
  A komodo dragon (Lair:2)
  A blink frog (Lair:3)
  A yak (Lair:2)
  2 water moccasins
  3 kobolds
  15 fungi
  18 plants
43 creatures vanquished.

Grand Total: 377 creatures vanquished

Notes
Turn   | Place    | Note
-------+----------+-------------------------------------------
     0 | D:1      | themarg the Demonspawn Ice Elementalist began the quest for
                  | the Orb.
     0 | D:1      | Reached XP level 1. HP: 13/13 MP: 3/3
   341 | D:1      | Gained mutation: You regenerate magic rapidly. [demonic
                  | ancestry]
   341 | D:1      | Reached XP level 2. HP: 14/19 MP: 1/5
   827 | D:1      | Gained mutation: Spells you cast may paralyse adjacent
                  | enemies. [demonic ancestry]
   827 | D:1      | Reached XP level 3. HP: 24/24 MP: 2/6
  1646 | D:2      | Learned a level 3 spell: Frozen Ramparts
  1729 | D:2      | Reached XP level 4. HP: 30/30 MP: 4/8
  1822 | D:2      | Learned a level 3 spell: Ozocubu's Armour
  1947 | D:2      | Reached skill level 5 in Ice Magic
  2091 | D:2      | Identified the amulet "Dobaen" {Reflect rPois Str+4 SH+5}
  2653 | D:3      | Noticed a phantom
  2682 | D:3      | Killed a phantom
  2683 | D:3      | Reached skill level 1 in Fighting
  2683 | D:3      | Reached XP level 5. HP: 21/38 MP: 3/9
  3238 | D:4      | Gained mutation: When hurt, damage is shared between your
                  | health and your magic reserves. [demonic ancestry]
  3238 | D:4      | Reached XP level 6. HP: 31/46 MP: 10/10
  3315 | D:4      | Identified the +8 spear of Huneusaf {freeze, rPois rC+++
                  | Will- Str-5}
  3552 | D:4      | Noticed Duvessa
  3553 | D:4      | Noticed Dowan
  3558 | D:4      | Killed Dowan
  3571 | D:4      | Killed Duvessa
  3659 | D:4      | Found a sacrificial altar of Ru.
  3703 | D:4      | Noticed Robin
  3710 | D:4      | Killed Robin
  3784 | D:4      | Found a runed translucent door.
  3785 | D:4      | Noticed Crazy Yiuf
  4093 | D:4      | Noticed Ijyb
  4105 | D:4      | Killed Ijyb
  4108 | D:4      | Reached skill level 5 in Fighting
  4108 | D:4      | Gained mutation: When low on magic, you restore magic in
                  | place of health. [demonic ancestry]
  4108 | D:4      | Reached XP level 7. HP: 56/56 MP: 11/11
  4313 | D:4      | Killed Crazy Yiuf
  4351 | D:5      | Entered Level 5 of the Dungeon
  4356 | D:5      | Reached skill level 1 in Summonings
  4873 | D:5      | Found a blossoming altar of Fedhas.
  4877 | D:5      | Found a bloodstained altar of Trog.
  4877 | D:5      | Found a hide-covered altar of Uskayaw.
  4877 | D:5      | Found a broken altar of Ashenzari.
  4879 | D:5      | Found an ancient bone altar of Kikubaaqudgha.
  4883 | D:5      | Identified the +6 trident of the Slime-mould {elec, rF+ rC-
                  | rCorr}
  4893 | D:5      | Became a worshipper of Kikubaaqudgha
  5253 | D:6      | Gained mutation: Spells you cast may paralyse nearby
                  | enemies. [demonic ancestry]
  5253 | D:6      | Reached XP level 8. HP: 59/62 MP: 12/12
  5264 | D:6      | Reached skill level 1 in Evocations
  5395 | D:6      | Reached * piety under Kikubaaqudgha
  5395 | D:6      | Received a gift from Kikubaaqudgha
  5397 | D:6      | Reached skill level 1 in Throwing
  5529 | D:6      | Reached skill level 2 in Necromancy
  5569 | D:6      | Reached skill level 3 in Necromancy
  5611 | D:6      | Reached skill level 4 in Necromancy
  6018 | D:7      | Reached skill level 5 in Necromancy
  6167 | D:7      | Gained mutation: Your magical and physical power is
                  | slightly enhanced at high health. [demonic ancestry]
  6167 | D:7      | Reached XP level 9. HP: 68/68 MP: 14/14
  6202 | D:7      | Found a staircase to the Ecumenical Temple.
  6209 | D:7      | Found a runed translucent door.
  6209 | D:7      | Noticed a sixfirhy
  6209 | D:7      | Noticed Menkaure
  6254 | D:7      | Killed Menkaure
  6368 | D:7      | Found Kaceiw's Book Shop.
  6747 | D:8      | Noticed Psyche
  6756 | D:8      | Killed Psyche
  6757 | D:8      | Reached skill level 5 in Spellcasting
  6809 | D:8      | Found a flagged portal.
  6828 | Bailey   | Entered a bailey
  6832 | Bailey   | Learned a level 2 spell: Sublimation of Blood
  6845 | Bailey   | Reached ** piety under Kikubaaqudgha
  7331 | D:8      | Found a staircase to the Lair.
  7527 | D:8      | Noticed a troll
  7540 | D:8      | Killed a troll
  7548 | D:8      | Learned a level 4 spell: Summon Ice Beast
  7553 | D:8      | Learned a level 4 spell: Dispel Undead
  7670 | D:8      | HP: 1/76 [electric eel/bolt of electricity (3)]
  7913 | D:8      | Gained mutation: Your magical and physical power is
                  | enhanced at high health. [demonic ancestry]
  7913 | D:8      | Reached XP level 10. HP: 67/83 MP: 17/17
  8034 | D:8      | Found a shadowy altar of Dithmenos.
  8136 | D:8      | Found a runed translucent gate.
  8136 | D:8      | Found a runed translucent gate.
  8136 | D:8      | Found a runed translucent gate.
  8139 | D:8      | Noticed gabagool's ghost (novice GrFi)
  8145 | D:8      | Found a viscous altar of Jiyva.
  8479 | D:9      | Found a staircase to the Orcish Mines.
  8553 | D:9      | Reached *** piety under Kikubaaqudgha
  8553 | D:9      | Received a gift from Kikubaaqudgha
  8562 | D:9      | Reached skill level 10 in Fighting
  8627 | D:9      | Reached skill level 5 in Dodging
  9086 | D:9      | Reached skill level 6 in Necromancy
  9211 | D:10     | Entered Level 10 of the Dungeon
  9346 | D:10     | Noticed a two-headed ogre
  9360 | D:10     | Killed a two-headed ogre
  9361 | D:10     | Reached skill level 7 in Necromancy
  9423 | D:10     | Gained mutation: You are partially covered in razor-sharp
                  | scales. (AC +1, Slay +1) [demonic ancestry]
  9423 | D:10     | Reached XP level 11. HP: 90/90 MP: 20/20
  9431 | D:10     | Reached skill level 8 in Necromancy
  9605 | D:10     | Noticed Erolcha
  9697 | D:10     | Noticed Harold
  9710 | D:9      | Killed Harold
 10306 | D:10     | Reached skill level 9 in Necromancy
 10653 | Lair:1   | Entered Level 1 of the Lair of Beasts
 10924 | Lair:1   | Reached **** piety under Kikubaaqudgha
 10975 | Lair:1   | Reached skill level 10 in Necromancy
 11456 | Lair:1   | You fall into a shaft and drop 1 floor!
 11458 | Lair:2   | Noticed a six-headed hydra
 11678 | Lair:2   | Noticed a seven-headed hydra
 11691 | Lair:2   | Killed a seven-headed hydra
 11692 | Lair:2   | Reached skill level 1 in Short Blades
 11692 | Lair:2   | Reached skill level 11 in Necromancy
 12005 | Lair:2   | Learned a level 6 spell: Death Channel
 12013 | Lair:2   | Killed a six-headed hydra
 12058 | Lair:2   | Found a staircase to the Swamp.
 12159 | Lair:2   | Found a staircase to the Snake Pit.
 12212 | Lair:2   | Noticed a catoblepas
 12229 | Lair:2   | Killed a catoblepas
 12230 | Lair:2   | Reached skill level 12 in Necromancy
 12230 | Lair:2   | Reached XP level 12. HP: 30/97 MP: 11/22
 12605 | Lair:2   | Found a runed translucent gate.
 12606 | Lair:2   | Found a runed translucent gate.
 12614 | Lair:2   | Reached skill level 5 in Short Blades
 12752 | Lair:2   | Found a runed translucent gate.
 12822 | Lair:2   | Noticed AzureAlchemist's ghost (journeyman DgEE)
 13205 | Lair:3   | Noticed Fannar
 13237 | Lair:3   | HP: 4/95 [Fannar/staff of cold (7)]
 13237 | Lair:3   | Slain by Fannar

Illustrated notes

Levels and vault maps discovered:
D:1:      dpeg_arrival_shelter, layout_basic, serial_co_window_serial,
          co_window_corner_a, co_window_of_opportunity_a, co_window_corner_a,
          co_window_paths_a, co_window_paths_a, co_window_of_opportunity_a,
          co_window_corner_b, co_window_corner_cb, co_window_2corner,
          co_window_broadway_b, co_window_of_opportunity_b,
          co_window_of_opportunity_b, co_window_paths_d, glass_columns_c,
          glass_columns_a, glass_columns_b, glass_columns_b, minmay_tetromino_o4
D:2:      kennysheep_six_static_rooms, layout_loops_ring, serial_bayou_pond_d
D:3:      layout_basic
D:4:      layout_gridville, kennysheep_mini_moat, guppyfry_early_lair_pool,
          uniq_robin, uniq_duvessa, uniq_crazy_yiuf_cottage, uniq_ijyb
D:5:      layout_basic, grunt_temple_overflow_open
D:6:      layout_rooms, st_stairs_4
D:7:      cheibrodos_shockbox, layout_gridville, minmay_temple_entry_steel_oval,
          serial_rivers, chequers_serial_rivers_micro_c,
          chequers_serial_rivers_micro_e, chequers_serial_rivers_large_b,
          chequers_serial_rivers_micro_a, chequers_serial_rivers_small_a,
          serial_shops, shop, uniq_menkaure
D:8:      layout_cave_pools, amcnicky_altar_gilded, erik_lair_island,
          gammafunk_ghost_ooze, enter_bailey_2, uniq_psyche
D:9:      layout_stronghold, orc_0_dummy
D:10:     minmay_octagon_keep, layout_long_grid, uniq_harold, uniq_erolcha
Lair:1:   layout_loops_ring, kennysheep_abandoned_house
Lair:2:   layout_gridlike, minmay_swamp_entry_reptiles,
          minmay_snake_entry_six_corridors, gammafunk_ghost_icy
Lair:3:   layout_cave_shapes, serial_bayou_shore_a, serial_bayou_shore_b,
          uniq_fannar

Skill      XL: |  1  2  3  4  5  6  7  8  9 10 11 12 |
---------------+-------------------------------------+-----
Stealth        | 2 |  2.0
Ice Magic      | 4 5 6 7 |  7.0
Spellcasting   | 3 5 6 7 8 |  8.2
Dodging        | 2 3 5 |  5.0
Fighting       | 1 2 5 9 10 | 10.0
Summonings     | 3 |  3.0
Evocations     | 3 |  3.0
Throwing       | 2 |  2.0
Necromancy     | 5 7 12 | 12.0
Short Blades   | 4 5 |  5.0

Action                     |  1- 3 |  4- 6 |  7- 9 | 10-12 || total
---------------------------+-------+-------+-------+-------++-------
  Melee: Dagger            |    31 |    37 |    53 |     4 ||   125
         Punch             |       |       |     1 |       ||     1
         Trident           |       |       |    40 |       ||    40
         Short sword       |       |       |       |    73 ||    73
  Throw: Stone             |       |       |     5 |       ||     5
   Cast: Freeze            |    68 |    73 |    97 |   151 ||   389
         Frozen Ramparts   |       |    15 |    42 |    53 ||   110
         Ozocubu's Armour  |       |     8 |    15 |     8 ||    31
         Summon Ice Beast  |       |       |       |    20 ||    20
         Death Channel     |       |       |       |     2 ||     2
         Sublimation of Bl |       |       |       |     1 ||     1
 Invoke: Unearth Wretches  |       |       |       |     6 ||     6
  Evoke: Wand              |       |       |     5 |     9 ||    14
    Use: Scroll            |       |     4 |     5 |     8 ||    17
         Potion            |       |       |     2 |       ||     2
   Stab: Paralysed         |    16 |    29 |    48 |    42 ||   135
         Sleeping          |       |       |       |     1 ||     1
         Petrified         |       |       |       |     1 ||     1
 Armour: Robe              |    15 |    16 |    22 |    66 ||   119
  Dodge: Dodged            |    36 |    45 |    59 |    91 ||   231
  Block: Other             |       |    13 |    16 |    36 ||    65
         Reflection        |       |     3 |       |       ||     3

Table legend: (Time is in decaauts)
 A = Elapsed time spent in this place.
 B = Non-inter-level travel time spent in this place.
 C = Inter-level travel time spent in this place.
 D = Time resting spent in this place.
 E = Time spent auto-exploring this place.
 F = Levels seen in this place.
 G = Mean time per level.
                   A        B        C        D        E       F      G
               +--------+--------+--------+--------+--------+-----+--------+
         Total |  13310 |  12764 |    546 |   1592 |   8275 |  14 |  950.7 |
       Dungeon |  10366 |   9870 |    496 |   1066 |   6638 |  10 | 1036.6 |
          Lair |   2592 |   2542 |     50 |    452 |   1589 |   3 |  864.0 |
        Bailey |    351 |    351 |      0 |     74 |     48 |   1 |  351.0 |
               +--------+--------+--------+--------+--------+-----+--------+

Top non-repeatable levels by time:
     D:9: 1358 daAuts
  Lair:2: 1345 daAuts
     D:1: 1265 daAuts
     D:8: 1249 daAuts
     D:4: 1241 daAuts
  Lair:1: 1189 daAuts
     D:2: 1033 daAuts
    D:10: 966 daAuts
     D:7: 917 daAuts
     D:3: 868 daAuts
     D:6: 791 daAuts
     D:5: 673 daAuts
  Bailey: 351 daAuts
  Lair:3: 57 daAuts
